 Dungeon Crawl Stone Soup version 0.29-a0-330-g52719c12eb (webtiles) character file.

Game seed: 8921733949243821188

79092 Crownlay the Unseen (level 15, -5/88 HPs)
             Began as a Spriggan Hunter on May 13, 2022.
             Was the Champion of Dithmenos.
             Shot with an arrow by Nessos (21 damage)
             ... on level 13 of the Dungeon.
             The game lasted 01:13:41 (29670 turns).

Crownlay the Unseen (Spriggan Hunter)              Turns: 29670, Time: 01:13:42

Health: -5/88      AC: 16    Str:  7      XL:     15   Next: 20%
Magic:  22/22      EV: 32    Int:  9 (11) God:    Dithmenos [******]
Gold:   3878       SH:  5    Dex: 26      Spells: 14/14 levels left

rFire   . . .      SeeInvis +   a - +3 shortbow (flame)
rCold   . . .      Faith    .   (shield currently unavailable)
rNeg    . . .      Spirit   .   v - +3 acid dragon scales
rPois   .          Reflect  +   (helmet restricted)
rElec   .          Harm     .   K - +2 cloak
rCorr   +          Rampage  .   (gloves unavailable)
Will    ++...                   (boots unavailable) Stlth ****++++++
                                e - amulet of reflection
HPRegen 0.24/turn               h - ring of flight
MPRegen 0.18/turn               G - +4 ring of protection

@: lethally poisoned (-5 -> -12), flying, wreathed by umbra, studying 2 skills,
very quick
A: very small, no large weapons, unfitting armour, see invisible, speed 3
a: Renounce Religion, Shadow Step, Shadow Form


You were on level 13 of the Dungeon.
You worshipped Dithmenos.
Dithmenos was exalted by your worship.
You visited 4 branches of the dungeon, and saw 22 of its levels.

You collected 3988 gold pieces.
You spent 110 gold pieces at shops.

Inventory:

Hand Weapons
 a - a +3 shortbow of flaming (weapon)
 c - the +5 dagger of Xosac {vorpal, rF- rC+++ MP+9 Str-3}
   (You found it on level 6 of the Lair of Beasts)

   It inflicts extra damage upon your enemies.
   Str:       It affects your strength (-3).
   rF:        It makes you vulnerable to fire.
   rC:        It renders you almost immune to cold.
   MP:        It affects your magic capacity (+9).
Armour
 v - +3 acid dragon scales (worn)
 H - +0 ice dragon scales
 K - a +2 cloak (worn)
Jewellery
 e - an amulet of reflection (around neck)
 h - a ring of flight (left hand)
 j - a ring of poison resistance
 q - a ring of ice
 s - the ring "Umned" {Wiz Int+4}
   (You found it on level 3 of the Lair of Beasts)

   [ring of wizardry]

   It improves your spell success rate.
   Int:       It affects your intelligence (+4).
 y - a ring of protection from cold
 G - a +4 ring of protection (right hand)
Wands
 n - a wand of mindburst (29)
 u - a wand of iceblast (21)
 x - a wand of polymorph (13)
 C - a wand of charming (10)
 D - a wand of digging (16)
 E - a wand of acid (11)
 F - a wand of flame (11)
 J - a wand of paralysis (4)
Scrolls
 b - 4 scrolls of silence
 g - 4 scrolls of blinking
 p - 10 scrolls of teleportation
 w - a scroll of magic mapping
 z - 2 scrolls of fear {unknown}
 A - a scroll of summoning {unknown}
 I - a scroll of holy word {unknown}
Potions
 d - 6 potions of brilliance
 f - 3 potions of heal wounds
 i - 2 potions of invisibility
 k - 5 potions of mutation
 l - a potion of resistance
 m - 6 potions of haste
 o - 7 potions of might {unknown}
 r - 8 potions of flight {unknown}
 t - 6 potions of curing {unknown}
 B - a potion of magic
 L - a potion of berserk rage
 M - a potion of cancellation {unknown}


   Skills:
 * Level 14.3 Fighting
 - Level 16.0 Bows
 + Level 16.0 Dodging
 + Level 18.8 Stealth
 - Level 8.0 Invocations
 + Level 9.8 Evocations


You had 14 spell levels left.
You didn't know any spells.
Your spell library contained the following spells:

 Spells                   Type           Power      Damage    Failure   Level
 Animate Skeleton         Necr           0%         N/A       61%         1
 Magic Dart               Conj           0%         1d3       61%         1
 Pain                     Necr           0%         1d4       61%         1
 Call Imp                 Summ           0%         N/A       75%         2
 Ensorcelled Hibernation  Hex/Ice        0%         N/A       75%         2
 Call Canine Familiar     Summ           0%         N/A       93%         3
 Conjure Flame            Conj/Fire      0%         6-21      93%         3
 Gell's Gravitas          Tloc           0%         N/A       93%         3
 Ignite Poison            Fire/Tmut/Pois 0%         N/A       93%         3
 Lesser Beckoning         Tloc           0%         N/A       93%         3
 Mephitic Cloud           Conj/Pois/Air  0%         N/A       93%         3
 Ozocubu's Armour         Ice            0%         N/A       93%         3
 Portal Projectile        Hex/Tloc       0%         N/A       93%         3
 Spider Form              Tmut/Pois      0%         N/A       93%         3
 Teleport Other           Tloc           0%         N/A       93%         3
 Vampiric Draining        Necr           0%         2d6       93%         3
 Airstrike                Air            0%         N/A       100%        4
 Anguish                  Hex/Necr       0%         N/A       100%        4
 Leda's Liquefaction      Hex/Erth       0%         N/A       100%        4
 Sticky Flame             Conj/Fire      0%         2d3       100%        4
 Summon Lightning Spire   Summ/Air       0%         N/A       100%        4
 Blade Hands              Tmut           0%         N/A       100%        5
 Freezing Cloud           Conj/Ice/Air   0%         6-21      100%        5
 Irradiate                Conj/Tmut      0%         3d13      100%        5
 Lightning Bolt           Conj/Air       0%         1d11      100%        5
 Metabolic Englaciation   Hex/Ice        0%         N/A       100%        5
 Yara's Violent Unravell  Hex/Tmut       0%         3d3       100%        5
 Dispersal                Tloc           0%         N/A       100%        6
 Simulacrum               Ice/Necr       0%         N/A       100%        6
 Dragon Form              Tmut           0%         N/A       100%        7


Dungeon Overview and Level Annotations

Branches:
Dungeon (13/15)            Temple (1/1) D:6            Lair (6/6) D:8
  Swamp (0/4) Lair:2        Snake (0/4) Lair:3        Slime (0/5) Lair:5
    Orc (2/2) D:10            Elf (0/3) Orc:2
 Vaults: D:13-14

Altars:
Ashenzari
Cheibriados
Dithmenos
Elyvilon
Fedhas
Gozag
Makhleb
Nemelex Xobeh
Qazlal
Ru
Sif Muna
Trog
Uskayaw
Vehumet
Wu Jian
Yredelemnul
Zin
The Shining One
Beogh
Jiyva

Shops:
D:2 *:(   D:5 [   D:9 [   D:10 *([   Orc:2 =([

Portals:
Abyss: Orc:1

Annotations:
D:8 2 transporters, dohliylev's ghost, novice TrWr
D:13 Nessos
Lair:1 1 runed translucent door, Nihirasm's ghost, novice MiBe
Orc:1 2 transporters, Megustar's ghost, journeyman DEFE
Orc:2 Saint Roka


Innate Abilities, Weirdness & Mutations

You are very small and have problems with some larger weapons.
You are too small for most types of armour.
You have supernaturally acute eyesight. (SInv)
You cover ground extremely quickly. (Speed+++)


Message History

Nessos casts a spell.
Nessos blinks!
Shoot: a) +3 shortbow (flame)
Press: ? - help, Shift-Dir - straight line, f/p - Nessos
Aim: Nessos, wielding a +3 longbow of flaming and wearing a +0 barding (severely wounded, fast, covered in acid, umbra, 83% to hit)
You shoot an arrow. The arrow barely misses Nessos.
You feel very sick.
Nessos shoots an arrow.
The arrow completely misses you.
Nessos gestures wildly while chanting.
Nessos blinks!
Shoot: a) +3 shortbow (flame)
Press: ? - help, Shift-Dir - straight line, f/p - Nessos
Aim: Nessos, wielding a +3 longbow of flaming and wearing a +0 barding (severely wounded, fast, covered in acid, umbra, 83% to hit)
You shoot an arrow. The arrow hits Nessos!
The arrow burns Nessos.
Nessos is almost dead.
You feel very sick.
Nessos shoots an arrow.
The arrow completely misses you.
Nessos gestures wildly while chanting.
Nessos blinks!
Shoot: a) +3 shortbow (flame)
Press: ? - help, Shift-Dir - straight line, f/p - Nessos
Aim: Nessos, wielding a +3 longbow of flaming and wearing a +0 barding (almost dead, fast, covered in acid, umbra, 83% to hit)
You shoot an arrow. The arrow hits Nessos.
The arrow burns Nessos.
Nessos is almost dead.
You feel sick.
Shoot: a) +3 shortbow (flame)
Press: ? - help, Shift-Dir - straight line, f/p - Nessos
Aim: Nessos, wielding a +3 longbow of flaming and wearing a +0 barding (almost dead, fast, covered in acid, umbra, 83% to hit)
You shoot an arrow. The arrow barely misses Nessos.
You feel sick.
Nessos shoots an arrow.
The arrow misses you.
Nessos mumbles some strange words.
Nessos blinks!
Shoot: a) +3 shortbow (flame)
Press: ? - help, Shift-Dir - straight line, f/p - Nessos
Aim: Nessos, wielding a +3 longbow of flaming and wearing a +0 barding (almost dead, fast, covered in acid, umbra, 83% to hit)
You shoot an arrow. The arrow hits Nessos.
The arrow burns Nessos.
Nessos is almost dead.
You feel sick.
Nessos shoots an arrow.
The arrow completely misses you.
Nessos shoots an arrow.
The arrow hits you!!
You die...

,,,..#.####***##.,,,,,,* *,*
,,,#........,,...,,,,,,* *,*
,,,,.....*#.###.#,,,,<,***,*
,,*,*....###.##.#***,****,,*
,*,,,,#.....#.#.# *,###,,**
*#,,,**#.#...#..# **....,**
,...,**#..#....†##*..[..,,**
,.....###.[.#...)#...§..,,,*
,,,,#....##....)@.......,,,*
,**,####......##........,,,*
,,,,* ####.#...........,,,*
,,,,*** *#.#.^.........,,,*
**,,,,* *..###....>....,,**
***,,,* *#.## ####......,,,*
* *,,,***..* *...c..,,,*
***,,,,*#.#* *......,,,*
,,,,,,,*,,* *,,,,,,,,,*


You could see Nessos (fast, corroded).

Vanquished Creatures
  Jorgrun (D:13)
  Frances (D:12)
  Kirke (Lair:5)
  Snorg (D:11)
  Josephine (Orc:1)
  Fannar (Orc:1)
  An ice dragon (Lair:6)
  7 hydras
  A boulder beetle (Lair:2)
  A catoblepas (Lair:3)
  A death knight (D:12)
  7 two-headed ogres
  A tengu warrior (D:13)
  An orc high priest (Orc:2)
  Sonja (Lair:3)
  Nergalle (Lair:3)
  Amaemon (Lair:3)
  A lindwurm (Lair:6)
  Pikel (D:7)
  A phantasmal warrior (D:12)
  2 bog bodies (Lair:2)
  7 orc knights
  A manticore (D:12)
  An oklob plant (Lair:3)
  2 wolf spiders (Lair:6)
  2 cyclopes (D:12)
  3 orc sorcerers (Orc:2)
  Maurice (D:12)
  6 elephants (Lair:6)
  Joseph (D:7)
  7 black mambas
  17 cane toads
  An orange demon (Lair:3)
  4 torpor snails (Lair:6)
  A gargoyle (D:10)
  A guardian serpent (Lair:6)
  3 rime drakes
  Maggie (D:7)
  A kobold demonologist (D:10)
  11 komodo dragons
  2 unseen horrors
  3 polar bears
  3 meliai (D:12)
  8 trolls
  Prince Ribbit (Lair:3)
  10 blink frogs
  9 hornets
  4 tyrant leeches (Lair:6)
  A shadow (D:11)
  15 wyverns
  2 vampires
  7 wraiths
  52 yaks
  4 hogs
  4 redbacks (Lair:6)
  6 basilisks
  A steam dragon (D:9)
  Grum (D:8)
  2 wargs (Orc:2)
  3 vampire mosquitoes (D:11)
  3 nagas (Lair:3)
  4 acid dragons
  27 water moccasins
  38 orc warriors
  A sky beast (D:5)
  An ice beast (D:7)
  2 black bears
  6 ogres
  2 wolves (D:8)
  8 centaurs
  A lemure (D:7)
  2 kobold brigands
  A phantom (D:5)
  10 bullfrogs
  4 necrophages
  2 scorpions (D:4)
  2 gnoll sergeants
  12 wights
  5 killer bees
  A howler monkey (D:8)
  A bullfrog zombie (D:5)
  A human zombie (D:5)
  4 hounds
  A jelly (D:6)
  25 orc priests
  4 iguanas
  29 orc wizards
  Natasha (thrice) (D:2)
  A scorpion zombie (D:5)
  Terence (D:2)
  4 mummies (D:5)
  6 adders
  12 gnolls
  3 shadow imps (D:5)
  3 white imps
  4 worms
  3 dart slugs
  77 orcs
  8 endoplasms
  2 giant cockroaches
  8 hobgoblins
  11 jackals
  A quokka (D:2)
  7 ball pythons
  10 bats
  3 frilled lizards
  3 goblins
  17 kobolds
  7 rats
634 creatures vanquished.

Vanquished Creatures (others)
  An orc (Orc:1)
  41 fungi
  115 plants
157 creatures vanquished.

Grand Total: 791 creatures vanquished

Notes
Turn   | Place    | Note
-------+----------+-------------------------------------------
     0 | D:1      | Crownlay the Spriggan Hunter began the quest for the Orb.
     0 | D:1      | Reached XP level 1. HP: 10/10 MP: 2/2
   148 | D:1      | Reached skill level 5 in Bows
   150 | D:1      | Reached skill level 2 in Stealth
   212 | D:1      | Reached XP level 2. HP: 15/15 MP: 3/3
   682 | D:2      | Found Xurova's Antique Weapon Emporium.
   724 | D:2      | Reached XP level 3. HP: 18/18 MP: 4/4
   814 | D:2      | Found Vyuc's General Store.
   825 | D:2      | Bought a scroll of identify for 20 gold pieces
   825 | D:2      | Bought a potion of degeneration for 10 gold pieces
   865 | D:2      | Noticed Terence
   951 | D:2      | Killed Terence
   952 | D:2      | Reached skill level 3 in Stealth
   952 | D:2      | Reached XP level 4. HP: 11/23 MP: 5/5
  1169 | D:2      | Noticed Natasha
  1183 | D:2      | Killed Natasha
  1356 | D:2      | Found Myvvad's Book Emporium.
  1563 | D:2      | Found a faded altar of an unknown god.
  1631 | D:2      | Noticed Natasha
  1634 | D:2      | Killed Natasha
  1635 | D:2      | Reached XP level 5. HP: 27/27 MP: 6/6
  1760 | D:2      | Noticed Natasha
  1762 | D:2      | Killed Natasha
  1780 | D:3      | You are sucked into a shaft and drop 3 floors!
  1795 | D:6      | Reached skill level 4 in Stealth
  1851 | D:5      | Entered Level 5 of the Dungeon
  2298 | D:5      | Found a transporter.
  2304 | D:5      | Noticed a sky beast
  2313 | D:5      | Killed a sky beast
  2314 | D:5      | Reached XP level 6. HP: 32/32 MP: 7/7
  2430 | D:5      | Found a bloodstained altar of Trog.
  2451 | D:5      | Reached skill level 5 in Stealth
  2605 | D:4      | Found an ornate altar of the Wu Jian Council.
  2608 | D:4      | Reached skill level 5 in Dodging
  2659 | D:4      | Reached XP level 7. HP: 36/36 MP: 8/8
  3562 | D:4      | Reached skill level 6 in Stealth
  4204 | D:4      | Reached XP level 8. HP: 37/42 MP: 9/9
  4527 | D:5      | Found a transporter.
  4932 | D:5      | Found a basalt altar of Yredelemnul.
  4941 | D:5      | Reached skill level 7 in Stealth
  5479 | D:5      | Found Xaces's Antique Armour Emporium.
  5951 | D:6      | Reached skill level 8 in Stealth
  5958 | D:6      | Reached skill level 10 in Bows
  6115 | D:6      | Found a hide-covered altar of Uskayaw.
  6133 | D:6      | Found a staircase to the Ecumenical Temple.
  6139 | Temple   | Entered the Ecumenical Temple
  6173 | Temple   | Became a worshipper of Dithmenos the Shadowed
  6227 | D:6      | Reached XP level 9. HP: 46/46 MP: 10/10
  6394 | D:6      | Found a sparkling altar of Nemelex Xobeh.
  6510 | D:6      | Found a sacrificial altar of Ru.
  6551 | D:7      | Noticed Maggie
  6551 | D:7      | Noticed Pikel
  6620 | D:7      | Killed Maggie
  6654 | D:7      | Killed Pikel
  6655 | D:7      | Reached skill level 5 in Fighting
  6655 | D:7      | Reached skill level 9 in Stealth
  7143 | D:7      | Noticed Joseph
  7160 | D:7      | Killed Joseph
  7178 | D:7      | Reached XP level 10. HP: 24/53 MP: 11/11
  7193 | D:7      | Reached skill level 10 in Stealth
  7887 | D:7      | Found a stormy altar of Qazlal.
  7996 | D:8      | Reached * piety under Dithmenos
  8027 | D:8      | Identified 2 scrolls of acquirement
  8063 | D:7      | Acquired 1301 gold pieces
  8065 | D:7      | Acquired a manual of Fighting
  8103 | D:8      | Noticed Grum
  8116 | D:8      | Killed Grum
  8357 | D:2      | Bought a potion of magic for 80 gold pieces
  8553 | D:8      | Noticed a moth of wrath
  8563 | D:8      | Noticed dohliylev's ghost (novice TrWr)
  8564 | D:8      | Found a bloodstained altar of Trog.
  8565 | D:8      | Found a transporter.
  8584 | D:8      | Found a transporter.
  8671 | D:8      | Found a broken altar of Ashenzari.
  8679 | D:8      | Found a staircase to the Lair.
  9348 | D:9      | Reached skill level 11 in Stealth
  9409 | D:9      | Reached ** piety under Dithmenos
  9580 | D:9      | Found a glowing silver altar of Zin.
  9835 | D:9      | Noticed a two-headed ogre
  9843 | D:9      | Killed a two-headed ogre
  9844 | D:9      | Reached skill level 10 in Dodging
  9935 | D:9      | Found Ufoam's Antique Armour Boutique.
 10020 | D:9      | Reached XP level 11. HP: 58/58 MP: 12/12
 10222 | D:9      | Found a shimmering blue altar of Sif Muna.
 10276 | D:9      | Found a burning altar of Makhleb.
 10305 | D:10     | Entered Level 10 of the Dungeon
 10344 | D:10     | Reached skill level 12 in Stealth
 10571 | D:10     | Found Qaxyuc's Armour Shop.
 10587 | D:10     | Noticed an orc knight
 10589 | D:10     | Found a staircase to the Orcish Mines.
 10608 | D:10     | Killed an orc knight
 10652 | D:10     | Found Ityaxymm's Weapon Shop.
 10797 | D:10     | Noticed a two-headed ogre
 10819 | D:10     | Killed a two-headed ogre
 11017 | D:10     | Found Gozag's Platinum Reserve.
 11047 | D:10     | Found an opulent altar of Gozag.
 11156 | D:10     | Noticed a two-headed ogre
 11161 | D:10     | Killed a two-headed ogre
 11167 | D:10     | Paralysed by a hornet for 2 turns
 11183 | D:10     | HP: 2/60 [centaur/arrow (7)]
 11759 | D:10     | Reached skill level 13 in Stealth
 11940 | D:10     | Noticed a two-headed ogre
 11963 | D:10     | Killed a two-headed ogre
 11964 | D:10     | Reached skill level 15 in Bows
 11987 | D:10     | Noticed a two-headed ogre
 12013 | D:10     | Killed a two-headed ogre
 12197 | Lair:1   | Entered Level 1 of the Lair of Beasts
 12226 | Lair:1   | Reached *** piety under Dithmenos
 12485 | Lair:1   | Reached XP level 12. HP: 47/66 MP: 13/13
 13073 | Lair:1   | Found a runed translucent door.
 13079 | Lair:1   | Noticed Nihirasm's ghost (novice MiBe)
 13279 | Lair:1   | Reached skill level 1 in Invocations
 13400 | Lair:1   | Reached skill level 14 in Stealth
 14131 | Lair:2   | Noticed a boulder beetle
 14358 | Lair:2   | Reached skill level 10 in Fighting
 14458 | Lair:2   | Killed a boulder beetle
 14650 | Lair:2   | Found a staircase to the Swamp.
 14925 | Lair:2   | Reached **** piety under Dithmenos
 14933 | Lair:2   | Reached skill level 15 in Stealth
 15079 | Lair:2   | You are sucked into a shaft and drop 1 floor!
 15080 | Lair:3   | Identified the ring "Umned" {Wiz Int+4}
 15118 | Lair:3   | Found a staircase to the Snake Pit.
 15358 | Lair:3   | Noticed Prince Ribbit
 15368 | Lair:3   | Killed Prince Ribbit
 15492 | Lair:3   | Noticed Sonja
 15506 | Lair:3   | Killed Sonja
 15753 | Lair:2   | Reached XP level 13. HP: 73/73 MP: 17/17
 16207 | Lair:3   | Reached skill level 1 in Evocations
 16668 | Lair:3   | Noticed Amaemon
 16712 | Lair:3   | Killed Amaemon
 16819 | Lair:3   | Noticed Nergalle
 16829 | Lair:3   | Killed Nergalle
 16935 | Lair:4   | Reached skill level 5 in Invocations
 17706 | Lair:3   | Reached skill level 16 in Stealth
 18416 | Lair:5   | Noticed Kirke
 18549 | Lair:5   | Got the Disquisition on Freezing Transmutation
 18731 | Lair:5   | Found a viscous altar of Jiyva.
 18731 | Lair:5   | Found a staircase to the Slime Pits.
 18918 | Lair:5   | Killed Kirke
 18933 | Lair:6   | Entered Level 6 of the Lair of Beasts
 18939 | Lair:6   | Reached ***** piety under Dithmenos
 19203 | Lair:6   | Reached skill level 5 in Evocations
 19480 | Lair:6   | Reached skill level 15 in Dodging
 20195 | Lair:5   | Reached XP level 14. HP: 33/80 MP: 19/19
 20470 | Lair:6   | Reached skill level 17 in Stealth
 20776 | Lair:6   | Found a runed translucent door.
 21080 | Lair:6   | Identified the +5 dagger of Xosac {vorpal, rF- rC+++ MP+9
                  | Str-3}
 22981 | Orc:1    | Entered Level 1 of the Orcish Mines
 23165 | Orc:2    | Entered Level 2 of the Orcish Mines
 23169 | Orc:1    | Noticed Josephine
 24176 | Orc:2    | Reached skill level 18 in Stealth
 24203 | Orc:2    | Reached ****** piety under Dithmenos
 24205 | Orc:2    | Noticed Saint Roka
 25250 | Orc:2    | Found a staircase to the Elven Halls.
 25590 | Orc:1    | Killed Josephine
 25932 | Orc:1    | Found a transporter.
 25933 | Orc:1    | Noticed Fannar
 25944 | Orc:1    | Killed Fannar
 25992 | Orc:1    | Found a transporter.
 26255 | Orc:1    | Found a one-way gate to the infinite horrors of the Abyss.
 26255 | Orc:1    | Noticed Megustar's ghost (journeyman DEFE)
 27053 | Orc:2    | Found Imyab's Jewellery Emporium.
 27127 | Orc:2    | Found Cubucwin's Antique Weapon Emporium.
 27452 | Orc:2    | Found Efyubleh's Antique Armour Emporium.
 27884 | D:11     | Acquired a manual of Fighting
 28229 | D:12     | Noticed Snorg
 28254 | D:11     | Killed Snorg
 28495 | D:12     | Reached XP level 15. HP: 87/87 MP: 22/22
 28719 | D:12     | Noticed Frances
 28737 | D:12     | Killed Frances
 29005 | D:12     | Noticed Maurice
 29036 | D:12     | Killed Maurice
 29607 | D:13     | Noticed Jorgrun
 29625 | D:13     | Killed Jorgrun
 29659 | D:13     | Noticed Nessos
 29670 | D:13     | Shot with an arrow by Nessos

Illustrated notes

Levels and vault maps discovered:
D:1:      spicycebolla_arrival_xxxplode, layout_loops_ring
D:2:      minmay_door_path, layout_basic,
          shapermc_ecumenical_altar_starsandcircs, serial_shops, shop,
          shop_fountains, nicolae_shop_statue_plus, uniq_terence, uniq_natasha
D:3:      layout_rooms, minmay_close_crescents
D:4:      layout_basic, mainiacjoe_overflow_small_starburst
D:5:      gammafunk_wand_slinger, layout_layer_cave, trog_antimagical,
          lemuel_mausoleum_altar_yredelemnul, serial_shops,
          kennysheep_little_box, lemuel_flame_loot_1
D:6:      layout_rooms, nicolae_ru_path_of_blood, nemelex_spade_bored_becter,
          nicolae_uskayaw_dance_hall, temple_statues,
          minmay_misc_feat_secret_circle
D:7:      layout_rooms, nicolae_qazlal_eye_of_the_storm, hex_large,
          minmay_fractal_squares_diagonal_5, uniq_joseph, uniq_maggie,
          uniq_pikel
D:8:      layout_rooms, nicolae_overflow_hidden_temple, lair_entry_dummy,
          serial_co_window_serial, co_window_paths_a,
          co_window_of_opportunity_a, co_window_paths_b, co_window_corner_a,
          co_window_paths_b, co_window_2corner, co_window_broadway_c,
          co_window_of_opportunity_b, co_window_corner_b, co_window_corner_b,
          co_window_of_opportunity_c, glass_columns_a,
          gammafunk_ghost_wrathful_warriors, kennysheep_generic_room_3,
          uniq_grum
D:9:      layout_rooms, mainiacjoe_overflow_alcove_2, zin_academy,
          nicolae_overflow_crystal_walls, serial_shops, nicolae_shop_stone,
          serial_glass, glass_columns_c, glass_columns_c,
          minmay_strange_pillars, due_unseen_surprise
D:10:     layout_roguey, nicolae_gozag_zags_fifth_avenue, orc_david_3,
          minmay_joined_circles
D:11:     layout_cave_pools
D:12:     layout_rooms, uniq_maurice, uniq_frances, uniq_snorg
D:13:     layout_rooms, portal_ice_cave_entry_pillars_1, serial_shops, shop,
          uniq_jorgrun, uniq_nessos, uniq_azrael
Temple:   compressed_dpeg_circular_temple
Lair:1:   layout_cave_shapes, ebering_ghost_reflecting_pool, lemuel_fruit_fields
Lair:2:   layout_loops_ring, skrybe_swamp_entry_bodies, nzn_sisyphean_effort,
          infiniplex_staircase_pool_2
Lair:3:   beast_lair_carwin_large_2, layout_long_grid,
          guppyfry_snake_entry_garden, kennysheep_catoblepas_arena,
          uniq_nergalle, uniq_amaemon, uniq_prince_ribbit2, uniq_sonja
Lair:4:   layout_layer_cave, st_stairs_13, lemuel_fruit_tree, grunt_megastairs_3
Lair:5:   layout_long_grid, dpeg_slime_entry_enclosed_altar, uniq_kirke
Lair:6:   wormcave, layout_regular_city, hangedman_lair_tendril_chambers
Orc:1:    layout_caves, gammafunk_ghost_abyssal_escape, basic_altar,
          uniq_josephine, uniq_fannar
Orc:2:    grunt_orc_cross, layout_diamond_mine, uniq_saint_roka

Skill      XL: |  1  2  3  4  5  6  7  8  9 10 11 12 13 14 15 |
---------------+----------------------------------------------+-----
Bows           | 5 6 7 8 10 11 13 15 16 | 16.0
Stealth        | 2 3 4 5 6 8 9 11 13 15 16 18 | 18.8
Dodging        | 3 4 5 6 7 8 10 11 13 15 16 | 16.0
Fighting       | 2 3 4 6 7 9 10 12 13 14 | 14.3
Invocations    | 4 6 8 |  8.0
Evocations     | 6 9 |  9.8

Action                   |  1- 3 |  4- 6 |  7- 9 | 10-12 | 13-15 || total
-------------------------+-------+-------+-------+-------+-------++-------
 Fire: Shortbow          |    89 |   107 |   413 |   987 |  1604 ||  3200
Evoke: Wand              |       |       |     4 |     8 |    29 ||    41
  Use: Scroll            |     2 |     3 |     1 |    13 |    13 ||    32
       Potion            |       |       |       |     1 |     1 ||     2
Armor: Robe              |     1 |     3 |     4 |       |       ||     8
       Acid dragon scale |       |       |     5 |    24 |    68 ||    97
Dodge: Dodged            |    18 |    21 |   133 |   436 |   567 ||  1175
Block: Other             |     2 |     2 |    30 |   109 |   124 ||   267
       Reflection        |       |       |     1 |     4 |     4 ||     9

Table legend: (Time is in decaauts)
 A = Elapsed time spent in this place.
 B = Non-inter-level travel time spent in this place.
 C = Inter-level travel time spent in this place.
 D = Time resting spent in this place.
 E = Time spent auto-exploring this place.
 F = Levels seen in this place.
 G = Mean time per level.
                   A        B        C        D        E       F      G
               +--------+--------+--------+--------+--------+-----+--------+
         Total |  23252 |  22259 |    993 |   2253 |  14878 |  22 | 1056.9 |
       Dungeon |  11256 |  10641 |    615 |    384 |   8136 |  13 |  865.8 |
        Temple |     36 |     33 |      3 |      0 |      8 |   1 |   36.0 |
          Lair |   8209 |   7932 |    277 |    460 |   5794 |   6 | 1368.2 |
  Orcish Mines |   3749 |   3652 |     97 |   1408 |    938 |   2 | 1874.5 |
               +--------+--------+--------+--------+--------+-----+--------+

Top non-repeatable levels by time:
   Orc:2: 2792 daAuts
  Lair:6: 2741 daAuts
     D:5: 1892 daAuts
     D:9: 1262 daAuts
    D:10: 1257 daAuts
  Lair:2: 1246 daAuts
  Lair:1: 1230 daAuts
  Lair:3: 1073 daAuts
  Lair:4: 973 daAuts
   Orc:1: 957 daAuts
     D:7: 954 daAuts
  Lair:5: 944 daAuts
     D:4: 934 daAuts
    D:12: 920 daAuts
     D:2: 900 daAuts
